Unix NetHack Version 3.7.0-88 Work-in-progress - last build Aug 6 2023 13:40:22 (5c9c4c7fffe0d5f0a8b1342c2a36a56ed743986a,branch:master). Game began 2023-08-15 07:44:27, ended 2023-08-15 08:07:51. puncake, chaotic male orcish Rogue ------ |???+| -------- |????| |......-###### |????| |....[.| |??+?| |...>...##### |????| -.----.- # |....| ############### ### ---|-- # ######## ######## ########## # # ##### ##################@@#### # ###### # #---.------------ ---.----- # ---.-|---- #-.<.............##### |.......| ## |........| |..............| ##########...[....| # |........| |...............########## |.......| # |........| ---------------- --------- -----|-- ####.........| |...)._| # |........| |....>.-## |.........## |....{.| ---------- -------- Puncake the Cutpurse St:10 Dx:18 Co:12 In:10 Wi:9 Ch:14 Chaotic S:438 Dlvl:3 $:40 HP:0(19) Pw:5(5) AC:6 Xp:3/62 T:1323 Latest messages: You are beginning to feel hungry. In what direction? The orcish dagger hits the giant bat. In what direction? You throw 2 orcish daggers. The 1st orcish dagger hits the giant bat. The 2nd orcish dagger misses the giant bat. The giant bat bites! The black blade draws the life from the giant bat! You kill the giant bat! In what direction? The orcish dagger hits the floating eye. In what direction? The orcish dagger hits the floating eye. In what direction? You throw 2 orcish daggers. The 1st orcish dagger hits the floating eye. The 2nd orcish dagger misses the floating eye. i - 2 uncursed +0 orcish daggers (at the ready) (3 in total). In what direction? You throw 2 orcish daggers. The 1st orcish dagger hits the floating eye. The 2nd orcish dagger hits the floating eye. In what direction? The orcish dagger hits the floating eye. You ready: j - 9 darts. In what direction? You kill the floating eye! b - an uncursed +0 orcish dagger (alternate weapon; not wielded) (2 in total). b - 3 uncursed +0 orcish daggers (alternate weapons; not wielded) (5 in total). b - 4 uncursed +0 orcish daggers (alternate weapons; not wielded) (9 in total). What do you want to name? What do you want to eat? This food really hits the spot! You finish eating the food ration. You find a hidden passage. You see here a banded mail. $ - 2 gold pieces (40 in total). You hear a door open. The wererat wields a broadsword! The broadsword welds itself to the wererat's hand! In what direction? The dart hits the wererat. The wererat swings her broadsword. The wererat hits! You hit the wererat. The wererat swings her broadsword. The wererat hits! You die... Do you want to see the dungeon overview? q Inventory: Coins $ - 40 gold pieces Amulets n - an uncursed amulet of magical breathing (being worn) Weapons j - 7 cursed -5 darts (at the ready) b - 9 uncursed +0 orcish daggers (alternate weapons; not wielded) I - the blessed +1 Sting a - an uncursed +0 orcish short sword H - the uncursed rustproof +0 Stormbringer (weapon in hand) Armor t - an uncursed +0 orcish helm (being worn) c - an uncursed +1 leather armor (being worn) Comestibles g - 2 uncursed tripe rations Scrolls J - a blessed scroll of confuse monster A - an uncursed scroll of enchant weapon p - a blessed scroll of identify u - an uncursed scroll of identify v - an uncursed scroll of light k - an uncursed scroll of punishment o - an uncursed scroll of scare monster E - a blessed scroll of taming Potions r - an uncursed potion of gain ability d - an uncursed potion of sickness y - a potion of unholy water Rings B - a blessed +1 ring of increase accuracy Wands z - an uncursed wand of probing (0:6) Tools f - an empty uncursed sack l - an uncursed bag of tricks (0:0) e - an uncursed lock pick Gems/Stones m - an uncursed worthless piece of blue glass Puncake the Rogue's attributes: Background: You were a Cutpurse, a level 3 male orcish Rogue. You were chaotic, on a mission for Kos who was opposed by Issek (lawful) and Mog (neutral). You were in the Dungeons of Doom, on level 3. You entered the dungeon 1323 turns ago. There was a new moon in effect when your adventure ended. You had 62 experience points, 18 more were needed to attain level 4. Your score was 438 before end-of-game adjustments. Basics: You had 0 out of 19 hit points. You had all 5 energy points (spell power). Your armor class was 6. Your wallet contained 40 zorkmids. Autopickup was on for '%$?!/="+' plus thrown, with exceptions. Final Characteristics: Your strength was 10 (limit:18/50). Your dexterity was 18 (limit:18). Your constitution was 12 (limit:18). Your intelligence was 10 (limit:16). Your wisdom was 9 (limit:16). Your charisma was 14 (limit:16). Final Status: You were not hungry. You were unencumbered. You were wielding a broadsword. You were unskilled in broadsword. Final Attributes: You were devoutly aligned. You were poison resistant. You were level-drain resistant. You had infravision. You were stealthy. You could survive without air. You were warded. You are dead. Miscellaneous: You encountered 1 bones level. Total elapsed playing time was 23 minutes and 18 seconds. Major events: Turn 1: puncake the chaotic male orcish Rogue entered the dungeon 820: attained the rank of Cutpurse (level 3) 822: entered the Gnomish Mines 900: was bestowed with Stormbringer by Kos 1193: chose an elven dagger to be named "Sting" 1323: killed by a wererat Vanquished creatures: a floating eye a giant bat an iguana an acid blob 2 hobbits a giant rat 2 gnome zombies a gecko 2 jackals 2 foxes a kobold 2 goblins a sewer rat 3 grid bugs 3 lichens 24 creatures vanquished. No species were genocided or became extinct. Voluntary challenges: You read items or engraved 3 times. You never engraved Elbereth. You never genocided any monsters. You never polymorphed an object. You never changed form. You used no wishes. Achievements: You attained the rank of Cutpurse. You entered the Gnomish Mines. You entered a shop. The Dungeons of Doom: levels 1 to 3 Level 1: A fountain. Level 2: A fountain, a sink. Level 3: <- You were here. A scroll shop, an altar to Kos, a fountain. Stairs down to The Gnomish Mines. Final resting place for you, killed by a wererat. The Gnomish Mines: Level 4: Final resting place for elky-Val-Dwa-Fem-Law, killed by an iguana, while frozen by a floating eye's gaze. Game over: ---------- / \ / REST \ / IN \ / PEACE \ / \ | puncake | | 40 Au | | killed by a | | wererat | | | | | | 2023 | *| * * * | * _________)/\\_//(\/(/\)/\//\/|_)_______ Goodbye puncake the Rogue... You died in The Dungeons of Doom on dungeon level 3 with 434 points, and 40 pieces of gold, after 1323 moves. You were level 3 with a maximum of 19 hit points when you died.